Map: Ultralove

Players

ManlyManMeat

  • Race: Zerg Zerg
  • League: Master
  • Spawn Location: 1:00

orbit - Winner!

  • Race: Terran Terran
  • Spawn Location: 7:00

VOD

Have the link to the VOD?

Description

Time

  • Played on: June 18, 2025, 9:08 a.m.
  • Length: 6:24
Show
View Real Time Build Order
Export as new Build Order

ManlyManMeat Zerg 

Build Orders: Hatch First 

Get SALT Encoding   

  12  0:00  Drone  
  13  0:14  Overlord  
  13  0:16  Drone  
  14  0:32  Drone x2  
  16  0:47  Drone  
  17  0:53  Extractor  
  16  0:57  Drone, Hatchery  
  16  1:05  Drone  
  17  1:17  Spawning Pool  
  16  1:19  Drone  
  17  1:31  Drone  
  18  1:37  Drone  
  19  1:47  Drone  
  20  2:00  Overlord  
  20  2:04  Queen  
  22  2:09  Queen  
  22  2:11  Zergling x2  
  22  2:15  Zergling x2  
  26  2:21  Drone  
  26  2:22  Drone  
  28  2:27  Metabolic Boost  
  28  2:32  Drone x2  
  30  2:50  Drone, Hatchery  
  30  2:59  Drone  
  30  3:00  Drone x2  
  33  3:11  Drone x2  
  35  3:14  Overlord  
  35  3:18  Overlord  
  35  3:19  Drone  
  36  3:31  Overlord  
  36  3:35  Queen  
  36  3:36  Drone x3  
  36  3:37  Drone x2  
  43  3:43  Overlord  
  43  3:44  Drone x2  
  45  3:55  Extractor  
  45  3:57  Drone  
  45  3:58  Drone  
  45  4:02  Extractor  
  45  4:03  Extractor  
  45  4:04  Baneling Nest  
  45  4:05  Drone  
  45  4:06  Drone x2  
  45  4:07  Evolution Chamber x2  
  44  4:17  Drone  
  44  4:18  Drone x7  
  52  4:30  Zergling x2  
  52  4:31  Zergling x2  
  52  4:32  Drone x3  
  56  4:46  Lair  
  56  4:49  Queen  
  56  4:51  Queen  
  60  4:53  Zergling x4  
  60  4:54  Zergling x6  
  65  5:07  Baneling x3  
  65  5:08  Overlord x2  
  65  5:18  Overlord  
  65  5:19  Overlord  
  65  5:20  Baneling x2  
  65  5:21  Baneling x3  
  59  5:36  Zergling x2  
  59  5:37  Zergling x26  
  64  5:44  Drone  
  64  5:54  Zergling x6  
Show
View Real Time Build Order
Export as new Build Order

orbit Terran - Winner!

Build Orders:  

Get SALT Encoding   

  12  0:00  SCV  
  13  0:12  SCV  
  14  0:17  Supply Depot  
  14  0:24  SCV  
  15  0:38  SCV  
  15  0:40  Barracks  
  16  0:44  Refinery  
  16  0:50  SCV  
  17  1:02  SCV  
  18  1:14  SCV  
  19  1:30  Barracks Reactor  
  19  1:32  Orbital Command  
  18  1:40  Command Center  
  18  1:52  Bunker  
  18  1:58  Supply Depot  
  18  2:00  SCV  
  19  2:06  Marine  
  19  2:07  Marine  
  21  2:12  SCV  
  22  2:20  Barracks  
  22  2:25  Marine  
  22  2:26  Marine  
  24  2:32  SCV  
  25  2:39  Barracks  
  25  2:44  SCV  
  25  2:46  Marine x2  
  28  2:57  Barracks  
  28  3:03  Marine  
  28  3:04  Marine  
  28  3:05  SCV  
  31  3:09  Barracks Reactor  
  31  3:14  Orbital Command  
  31  3:24  Marine x2, SCV  
  31  3:26  Barracks Reactor  
  34  3:37  SCV  
  35  3:41  SCV  
  35  3:42  Marine x2  
  35  3:46  Supply Depot  
  35  3:47  Marine x2, Barracks Reactor  
  40  3:54  SCV  
  40  3:55  Supply Depot, SCV  
  42  4:01  Marine x2  
  42  4:02  Marine  
  45  4:03  Marine  
  45  4:08  Marine x2  
  48  4:11  Supply Depot  
  48  4:19  Marine x2  
  48  4:20  Marine  
  48  4:21  Marine  
  48  4:23  SCV  
  53  4:25  Marine x2  
  53  4:26  Marine x2  
  53  4:30  SCV  
  58  4:34  Supply Depot  
  58  4:35  SCV  
  58  4:38  Marine x3  
  60  4:39  Marine  
  63  4:53  Marine x2  
  63  4:54  Marine x2  
  63  4:56  Marine  
  63  4:57  Supply Depot  
  63  4:58  Marine  
  63  4:59  Marine x2  
  71  5:11  Marine x3  
  71  5:12  Marine  
  71  5:13  Marine  
  76  5:16  Marine  
  76  5:17  Marine  
  76  5:19  Marine  
  79  5:29  Marine x3  
  81  5:41  Marine  
  81  5:42  Marine x4  
  85  5:47  Marine  
Tags
 
League
Master
Matchup
TvZ
Replay Pack
Myownreplay2
Spawn Locations
Cross Positions
Add a new tag
Caveats
  • Supply blocks, unpowered buildings, or Contaminate may cause inaccurate times.
  • Supply counts are checked every 10 seconds.